 Dungeon Crawl Stone Soup version 0.28.0-1-gb440e238dd (webtiles) character file.

Game seed: 14714820617535632700

1240 themarg the Destroyer (level 8, -11/44 HPs)
             Began as a Tengu Conjurer on Feb 20, 2022.
             Killed from afar by a steam dragon (23 damage)
             ... with a ball of steam
             ... on level 6 of the Dungeon.
             The game lasted 00:25:31 (7537 turns).

themarg the Destroyer (Tengu Conjurer)              Turns: 7537, Time: 00:25:33

Health: -11/44     AC:  6    Str:  8    XL:     8   Next: 49%
Magic:  7/17       EV: 15    Int: 20    God:
Gold:   306        SH:  0    Dex: 13    Spells: 11/17 levels left

rFire   . . .      SeeInvis .   f - +0 short sword
rCold   . . .      Faith    .   (no shield)
rNeg    . . .      Spirit   .   a - +0 robe
rPois   +          Reflect  .   (helmet restricted)
rElec   .          Harm     .   (no cloak)
rCorr   .          Rampage  .   (no gloves)
Will    .....                   (boots unavailable)
Stlth   ++........              (no amulet)
HPRegen 0.14/turn               q - +4 ring of protection
MPRegen 0.15/turn               g - ring of poison resistance

@: flying quickly and evasively, quick
A: beak, talons 3, nimble flight
a: no special abilities


You were on level 6 of the Dungeon.
You visited 1 branch of the dungeon, and saw 6 of its levels.
You also visited: Sewer.

You collected 306 gold pieces.

Inventory:

Hand Weapons
 f - a +0 short sword (weapon)
Missiles
 c - a throwing net
 m - 153 stones
 u - 6 poisoned darts
Armour
 a - a +0 robe (worn)
 d - a +0 cloak
 C - the +6 scale mail of Dice, Bag, and Bottle {+Inv Fly rC-}
   (You found it on level 5 of the Dungeon)

   rC:        It makes you vulnerable to cold.
   +Inv:      It lets you turn invisible.
   Fly:       It grants you flight.
Jewellery
 g - a ring of poison resistance (right hand)
 q - a +4 ring of protection (left hand)
 t - a ring of ice
 A - a ring of fire
Scrolls
 e - 2 scrolls of fog
 h - a scroll of blinking {unknown}
 i - a scroll of noise
 k - 2 scrolls of fear
 n - a scroll of acquirement {unknown}
 o - a scroll of silence
 s - a scroll of amnesia
 x - a scroll of summoning {unknown}
 y - a scroll of vulnerability {unknown}
 B - a scroll of magic mapping {unknown}
 D - a scroll of teleportation {unknown}
 F - a scroll of enchant weapon {unknown}
Potions
 b - 2 potions of attraction {unknown}
 j - 2 potions of heal wounds {unknown}
 l - 4 potions of curing
 p - a potion of lignification {unknown}
 r - 3 potions of mutation
 v - 2 potions of might {unknown}
 w - 2 potions of brilliance {unknown}
 z - a potion of resistance {unknown}


   Skills:
 + Level 1.8 Fighting
 + Level 2.6 Short Blades
 - Level 0.4 Axes
 + Level 3.7 Dodging
 + Level 4.0 Stealth
 + Level 5.3 Spellcasting
 + Level 9.5 Conjurations


You had 11 spell levels left.
You knew the following spells:

 Your Spells              Type           Power      Damage    Failure   Level
a - Magic Dart            Conj           100%       1d8       1%          1
b - Searing Ray           Conj           86%        2d7       1%          2
c - Dazzling Flash        Conj/Hex       48%        N/A       4%          3

Your spell library contained the following spells:

 Spells                   Type           Power      Damage    Failure   Level
 Fulminant Prism          Conj/Hex       12%        3d9       16%         4
 Iskenderun's Mystic Bla  Conj/Tloc      24%        2d7       16%         4


Dungeon Overview and Level Annotations

Branches:
Dungeon (6/15)              Sewer (visited)
 Temple: D:4-7

Altars:
Ru

Shops:
D:3 *


Innate Abilities, Weirdness & Mutations

You have a beak for a mouth.
You have claws for feet.
Your magical nature lets you fly swiftly and evasively.


Message History

(Press . to maintain the ray.)
The searing ray hits the steam dragon.
The steam dragon is heavily wounded.
The steam dragon breathes steam at you. The ball of steam misses you.
Something shouts, "Crawl home, thou paunchy pigeon-egg reprobate!"
A shadow imp comes into view.
The steam dragon barely misses you. The steam dragon closely misses you.
You closely miss the steam dragon.
You claw the steam dragon, but do no damage.
The steam dragon is heavily wounded.
You are engulfed in a cloud of scalding steam.
The steam dragon barely misses you. The steam dragon completely misses you.
You closely miss the steam dragon. Your kick misses the steam dragon.
The steam dragon is heavily wounded.
The shadow imp shouts, "Give up, thou warped fob-snatching clack-dish!"
The steam dragon breathes steam at you. The ball of steam hits you!
The shadow imp gestures at you.
You struggle to resist.
Casting: Searing Ray (safe; 1% risk of failure)
Confirm with . or Enter, or press ? or * to list all spells.
Aiming: Searing Ray (safe; 1% risk of failure)
Press: ? - help, Shift-Dir - straight line, f/p - steam dragon
Aim: a steam dragon (heavily wounded, catching its breath, 82% to hit)
The searing ray hits the steam dragon.
The steam dragon is heavily wounded. (Press . to maintain the ray.)
The steam dragon barely misses you. The steam dragon closely misses you.
The searing ray misses the steam dragon.
You are engulfed in a cloud of scalding steam.
The steam dragon barely misses you. The steam dragon misses you.
The searing ray hits the steam dragon.
The steam dragon is severely wounded.
You are engulfed in a cloud of scalding steam.
* * * LOW HITPOINT WARNING * * *
The steam dragon breathes steam at you. The ball of steam hits you!!
Ouch! That really hurt!
You die...

####.#.##..## #...#
........#.#.# #...#
.###..#.#..#####...########
.##....................†..#
.........................§..
.##.#...#.......5......D§.##
.##.#..##.######.§.######.#
.......##.# ###.D.### #
###.......# #.§@§...#
####.#### #.#...#.# #.#
#.#...#.# # ######.# # #...#
# ## .. .......# #...#
######.##... ######## ##.#.
)(.D..)<.... #
.........####.### # .#..# .#
# ..


You could see a steam dragon (catching breath) and a shadow imp.

Vanquished Creatures
  Pargi (Sewer)
  An ogre (D:4)
  A centaur (D:5)
  A kobold brigand (D:5)
  A scorpion (D:5)
  2 centaur zombies
  2 hounds (D:6)
  A centaur skeleton (D:6)
  A bullfrog skeleton (D:5)
  4 iguanas
  2 orc wizards (D:6)
  9 adders
  A shadow imp (D:6)
  A white imp (D:6)
  3 ufetubi
  An adder skeleton (D:4)
  4 worms
  4 dart slugs
  10 orcs
  3 ball pythons
  6 bats
  8 endoplasms
  5 giant cockroaches
  7 goblins
  9 hobgoblins
  4 jackals
  4 quokkas
  4 frilled lizards (D:2)
  8 kobolds
  10 rats
118 creatures vanquished.

Notes
Turn   | Place    | Note
-------+----------+-------------------------------------------
     0 | D:1      | themarg the Tengu Conjurer began the quest for the Orb.
     0 | D:1      | Reached XP level 1. HP: 10/10 MP: 4/4
   249 | D:1      | Reached XP level 2. HP: 15/15 MP: 0/6
   309 | D:1      | Learned a level 2 spell: Searing Ray
   475 | D:1      | Reached skill level 6 in Conjurations
   612 | D:1      | Found a faded altar of an unknown god.
   744 | D:1      | Reached XP level 3. HP: 19/19 MP: 2/7
  1360 | D:2      | Found a sacrificial altar of Ru.
  1453 | D:2      | Identified the +2 pair of boots of Thoughtfulness {MP-9
                  | Int+4 SInv}
  1786 | D:2      | Reached XP level 4. HP: 24/24 MP: 8/8
  2276 | D:3      | Learned a level 3 spell: Dazzling Flash
  2732 | D:3      | Gained mutation: Your magical nature lets you fly swiftly
                  | and evasively. [Tengu growth]
  2732 | D:3      | Reached XP level 5. HP: 17/28 MP: 3/10
  3017 | D:3      | Found Anli's Assorted Antiques.
  3031 | D:3      | Reached skill level 7 in Conjurations
  3765 | D:4      | Noticed an ogre
  3773 | D:4      | Killed an ogre
  3774 | D:4      | Reached skill level 1 in Short Blades
  3774 | D:4      | Reached XP level 6. HP: 24/33 MP: 1/12
  4275 | D:4      | Found a glowing drain.
  4279 | Sewer    | Entered a sewer
  4373 | Sewer    | Noticed Pargi
  4406 | Sewer    | Killed Pargi
  5315 | D:5      | Entered Level 5 of the Dungeon
  5356 | D:5      | Reached skill level 1 in Fighting
  5356 | D:5      | Reached skill level 8 in Conjurations
  5356 | D:5      | Reached XP level 7. HP: 38/38 MP: 9/14
  5479 | D:5      | Identified the +6 scale mail of Dice, Bag, and Bottle {+Inv
                  | Fly rC-}
  7088 | D:6      | Noticed a steam dragon
  7170 | D:6      | Reached skill level 9 in Conjurations
  7170 | D:6      | Reached XP level 8. HP: 40/43 MP: 9/16
  7328 | D:6      | Reached skill level 5 in Spellcasting
  7537 | D:6      | Killed from afar by a steam dragon

Illustrated notes

Levels and vault maps discovered:
D:1:      dpeg_arrival_concentric_ovals, layout_loops_corners,
          chequers_ecumenical_altar_island
D:2:      layout_loops_cross, basic_altar
D:3:      layout_loops_corners, serial_shops, shop, grunt_ministairs_14,
          st_stairs_3
D:4:      layout_cave_pods, gup_sewer_entry_bowl
D:5:      layout_gridville
D:6:      layout_loops_cross, minmay_temple_entry_hall

Skill      XL: |  1  2  3  4  5  6  7  8 |
---------------+-------------------------+-----
Conjurations   | 6 7 8 9 |  9.5
Short Blades   | 1 2 |  2.6
Spellcasting   | 3 4 5 |  5.3
Dodging        | 3 |  3.7
Fighting       | 1 |  1.8
Stealth        | 3 4 |  4.0
Axes           | |  0.4

Action                   |  1- 3 |  4- 6 |  7- 9 || total
-------------------------+-------+-------+-------++-------
Melee: Hand axe          |     4 |       |       ||     4
       Kick              |     2 |     2 |     7 ||    11
       Short sword       |     1 |    18 |    18 ||    37
       Peck              |       |     3 |       ||     3
       Punch             |       |       |     2 ||     2
 Cast: Magic Dart        |    52 |    86 |    40 ||   178
       Searing Ray       |     7 |    16 |    22 ||    45
  Use: Scroll            |       |     7 |     1 ||     8
 Stab: Sleeping          |       |     1 |       ||     1
Armor: Robe              |     2 |     9 |    16 ||    27
Dodge: Dodged            |     4 |    31 |    63 ||    98
